 Dungeon Crawl Stone Soup version 0.24.1-14-gf8d2b509d9 (console) character file.

Game seed: 13940002745301927102, levelgen mode: deterministic

76267 Kagalorn the Severer (level 15, -2/127 HPs)
             Began as a Minotaur Wanderer on July 23, 2021.
             Was the Champion of the Shining One.
             Killed from afar by a deep elf mage (13 damage)
             ... with a bolt of magma
             ... on level 15 of the Dungeon.
             The game lasted 00:55:55 (25015 turns).

Kagalorn the Severer (Minotaur Wanderer)           Turns: 25015, Time: 00:55:56

Health: -2/127     AC: 22    Str: 21    XL:     15   Next: 12%
Magic:  24/24      EV: 15    Int: 13    God:    the Shining One [******]
Gold:   1870       SH:  0    Dex: 21    Spells: 16/16 levels left

rFire    + . .     SeeInvis .   a - +7 exec axe {chop, *Noise Int+3 Dex+7}
rCold    . . .     Gourm    .   (shield currently unavailable)
rNeg     + + +     Faith    +   r - +0 plate armour
rPois    .         Spirit   .   S - +2 hat
rElec    .         Reflect  .   V - +0 cloak
rCorr    .         Harm     .   P - +0 pair of fencer's gloves {Riposte Dex+3}
MR       +....                  z - +1 pair of boots
Stlth    ..........             y - amulet of faith
HPRegen  0.31/turn              K - ring of protection from fire
MPRegen  0.19/turn              T - +2 ring of evasion

@: glowing
A: retaliatory headbutt, horns 2
a: Divine Shield, Cleansing Flame, Summon Divine Warrior, Brand Weapon With Holy
Wrath, Renounce Religion


You were on level 15 of the Dungeon.
You worshipped the Shining One.
The Shining One was exalted by your worship.
You were not hungry.

You visited 3 branches of the dungeon, and saw 22 of its levels.
You also visited: Gauntlet and Ice Cave.

You collected 1870 gold pieces.

Inventory:

Hand Weapons
 a - the +7 executioner's axe "Minotaur's Regret" (weapon) {chop, *Noise Int+3 Dex+7}
   (You acquired it on level 14 of the Dungeon)

   It inflicts extra damage upon your enemies.
   It affects your intelligence (+3).
   It affects your dexterity (+7).
   It may make noises in combat.
 b - a +6 hand crossbow of flaming
 k - a +4 battleaxe
 w - a +1 halberd of flaming
Missiles
 h - 219 bolts
 l - 473 stones (quivered)
 u - 89 sling bullets
 B - 11 boomerangs
 I - 9 silver boomerangs
 O - 23 javelins
Armour
 r - a +0 plate armour (worn)
 z - a +1 pair of boots (worn)
 P - the +0 pair of fencer's gloves (worn) {Riposte Dex+3}
   (You found it on level 8 of the Dungeon)

   It affects your dexterity (+3).
 S - a +2 hat (worn)
 V - a +0 cloak (worn)
Jewellery
 y - an amulet of faith (around neck)
 K - a ring of protection from fire (left hand)
 N - an uncursed ring of fire
 T - a +2 ring of evasion (right hand)
 W - an uncursed ring of ice
 Y - an uncursed ring of poison resistance
 Z - an uncursed ring of resist corrosion
Wands
 c - a wand of iceblast (21)
 C - a wand of flame (14)
 J - a wand of digging (5)
 L - a wand of polymorph (10)
 Q - a wand of acid (11)
Scrolls
 d - 8 scrolls of teleportation
 e - 5 scrolls of fog
 o - a scroll of summoning
 p - 9 scrolls of enchant armour
 q - 4 scrolls of enchant weapon
 v - 11 scrolls of remove curse
 F - a scroll of blinking
 H - 3 scrolls of magic mapping
 X - a scroll of fear
Potions
 g - 2 potions of flight
 i - 4 potions of cancellation
 j - a potion of resistance
 m - 6 potions of heal wounds
 n - 3 potions of ambrosia
 s - 5 potions of brilliance
 t - 3 potions of curing
 x - 3 potions of might
 A - 6 potions of agility
 D - 2 potions of magic
 E - 2 potions of haste
 M - 3 potions of lignification
 R - 2 potions of berserk rage
 U - a potion of mutation
Miscellaneous
 G - a box of beasts
Comestibles
 f - 28 rations


   Skills:
 + Level 10.3 Fighting
 * Level 19.3 Axes
 - Level 2.1 Crossbows
 + Level 10.3 Armour
 + Level 10.2 Dodging
 - Level 1.0 Spellcasting
   Level 1.0 Translocations
   Level 1.0 Transmutations
 - Level 14.0 Invocations
 - Level 1.7 Evocations


You had 16 spell levels left.
You didn't know any spells.
Your spell library contained the following spells:

 Spells                   Type           Power        Failure   Level  Hunger
 Confusing Touch          Hex            #.....       99%         1    ##.....
 Corona                   Hex            #......      99%         1    ##.....
 Flame Tongue             Conj/Fire      #....        99%         1    ##.....
 Freeze                   Ice            #...         99%         1    ##.....
 Magic Dart               Conj           #...         99%         1    ##.....
 Summon Small Mammal      Summ           #...         99%         1    ##.....
 Blink                    Tloc           N/A          99%         2    ###....
 Call Imp                 Summ           #.......     99%         2    ###....
 Ensorcelled Hibernation  Hex/Ice        #.....       99%         2    ###....
 Searing Ray              Conj           #.....       99%         2    ###....
 Shroud of Golubria       Chrm/Tloc      #.....       99%         2    ###....
 Slow                     Hex            #.......     99%         2    ###....
 Throw Flame              Conj/Fire      #.....       99%         2    ###....
 Throw Frost              Conj/Ice       #.....       99%         2    ###....
 Call Canine Familiar     Summ           #.......     100%        3    ####...
 Confuse                  Hex            #.......     100%        3    ####...
 Conjure Flame            Conj/Fire      #.......     100%        3    ####...
 Dazzling Spray           Conj/Hex       #.....       100%        3    ####...
 Gell's Gravitas          Tloc           #.........   100%        3    ####...
 Inner Flame              Hex/Fire       #.......     100%        3    ####...
 Lesser Beckoning         Tloc           #.........   100%        3    ####...
 Mephitic Cloud           Conj/Pois/Air  #.......     100%        3    ####...
 Ozocubu's Armour         Chrm/Ice       #.......     100%        3    ####...
 Portal Projectile        Hex/Tloc       #.....       100%        3    ####...
 Summon Guardian Golem    Hex/Summ       #.......     100%        3    ####...
 Teleport Other           Tloc           #.......     100%        3    ####...
 Tukima's Dance           Hex            #.......     100%        3    ####...
 Force Lance              Conj/Tloc      #.......     100%        4    #####..
 Fulminant Prism          Conj/Hex       #.........   100%        4    #####..
 Iskenderun's Mystic Bla  Conj           #.......     100%        4    #####..
 Passage of Golubria      Tloc           N/A          100%        4    #####..
 Petrify                  Tmut/Erth      #.......     100%        4    #####..
 Sticky Flame             Conj/Fire      #.......     100%        4    #####..
 Summon Ice Beast         Ice/Summ       #.......     100%        4    #####..
 Summon Lightning Spire   Summ/Air       #.......     100%        4    #####..
 Throw Icicle             Conj/Ice       #.......     100%        4    #####..
 Fireball                 Conj/Fire      #.........   100%        5    ######.
 Metabolic Englaciation   Hex/Ice        #.........   100%        5    ######.
 Yara's Violent Unravell  Hex/Tmut       #.........   100%        5    ######.
 Dispersal                Tloc           #.........   100%        6    #######
 Controlled Blink         Tloc           N/A          100%        8    #######
 Disjunction              Tloc           #.........   100%        8    #######


Dungeon Overview and Level Annotations

Branches:
Dungeon (15/15)            Temple (1/1) D:5            Lair (6/6) D:11
  Swamp (0/4) Lair:4        Snake (0/4) Lair:3        Slime (0/5) Lair:5
    Orc (0/2) D:10         Depths (0/5) D:15          IceCv (visited)
Gauntlet (visited)
 Vaults: D:13-14

Altars:
Ashenzari
Cheibriados
Dithmenos
Elyvilon
Fedhas
Gozag
Hepliaklqana
Kikubaaqudgha
Makhleb
Nemelex Xobeh
Okawaru
Qazlal
Ru
Sif Muna
Trog
Uskayaw
Vehumet
Wu Jian
Xom
Yredelemnul
Zin
The Shining One
Beogh
Jiyva

Shops:
D:5 }

Portals:
Trove: D:14 (give +3 gold dragon scales)

Annotations:
D:7 exclusion: ice statue
D:14 Rupert
Lair:2 exclusion: 2 oklob plants
Lair:6 3 runed translucent doors, NeAGen181's ghost, journeyman TeSu


Innate Abilities, Weirdness & Mutations

You reflexively headbutt those who attack you in melee.
You have a pair of horns on your head.


Message History

The dire elephant is moderately wounded.
The dire elephant tramples you!!
* * * LOW HITPOINT WARNING * * *
You stumble backwards!
The dire elephant tramples you but does no damage.
The dire elephant closely misses you.
You completely miss the dire elephant.
The dire elephant is moderately wounded.
The salamander barely misses you. The dire elephant tramples you!!
* * * LOW HITPOINT WARNING * * *
You stumble backwards!
Unknown command.
Found a ration.
Found 25 gold pieces.
A deep elf mage comes into view.
It is wielding a +1 dagger of holy wrath.
You see here a ration.
The deep elf mage hits you but does no damage.
The deep elf mage points at you and mumbles some strange words.
The bolt of magma hits you! You partially resist.
You die...

#..#
##%......#
####
#........#
##..N.....#
#........##
#...$....#
##.Y....##
##e.....#
##......#
#@.....##
#.......#
#....#...#
#....#....#
#....#.....#
#....#
......#
#....#
......#
..... ......


You could see a dire elephant, a salamander and a deep elf mage.

Vanquished Creatures
  Gastronok (Lair:1)
  A minotaur (Gauntlet)
  A great orb of eyes (D:15)
  2 ice dragons (IceCv)
  Fannar (Lair:1)
  4 catoblepae
  4 hydras
  4 two-headed ogres
  7 death yaks
  4 sixfirhies (Gauntlet)
  A phantasmal warrior (D:14)
  The ghost of Tartanist the Slicer, a novice VSAs (D:7)
  6 ugly things
  A wolf spider (D:12)
  A deep elf mage (D:12)
  A necromancer (Gauntlet)
  A cyclops (D:12)
  4 manticores
  2 ice statues (IceCv)
  5 elephants (Lair:6)
  5 black mambas
  Psyche (D:9)
  4 gargoyles
  8 spiny frogs
  12 rime drakes
  10 komodo dragons
  A freezing wraith (D:14)
  A queen bee (shapeshifter) (Gauntlet)
  5 trolls
  Prince Ribbit (D:7)
  A bog body (Lair:4)
  Grinder (D:5)
  2 hornets
  10 hippogriffs
  4 blink frogs (Lair:4)
  2 meliai zombies
  2 wraiths (D:13)
  63 yaks
  5 wyverns (Lair:5)
  A vampire (D:13)
  7 basilisks
  A steam dragon (D:13)
  2 hungry ghosts
  11 vampire mosquitoes
  3 nagas (Lair:3)
  A warg (Lair:2)
  A hell hound (Lair:5)
  5 water moccasins
  2 soldier ants
  11 porcupines
  19 ice beasts
  3 sky beasts
  A black bear (D:11)
  11 orc warriors
  4 phantoms
  A hornet zombie (D:14)
  A necrophage (D:9)
  10 ogres
  21 wolves
  13 centaurs
  A crocodile (shapeshifter) (Gauntlet)
  9 crocodiles
  14 bullfrogs
  4 big kobolds
  4 scorpions
  13 wights
  48 killer bees
  5 howler monkeys
  7 crimson imps
  A bullfrog zombie (D:9)
  A centaur zombie (D:9)
  9 jellies
  10 orc priests
  11 hounds
  20 orc wizards
  6 bullfrog skeletons
  5 centaur skeletons
  6 iguanas
  Crazy Yiuf (D:7)
  13 worker ants
  3 hound skeletons
  A howler monkey skeleton (D:5)
  9 adders
  6 gnolls
  2 shadow imps
  9 oozes
  An adder zombie (D:8)
  4 adder skeletons
  7 worms
  5 dart slugs
  9 leopard geckos
  57 orcs
  2 ball pythons (D:2)
  9 bats
  6 giant cockroaches
  8 goblins
  8 hobgoblins
  11 jackals
  22 kobolds
  8 quokkas
  9 frilled lizards
  2 leopard gecko skeletons
  6 rats
  3 fungi
714 creatures vanquished.

Vanquished Creatures (collateral kills)
  Erolcha (D:12)
  A manticore (D:12)
2 creatures vanquished.

Vanquished Creatures (others)
  19 fungi
  7 plants
  4 withered plants (Gauntlet)
30 creatures vanquished.

Grand Total: 746 creatures vanquished

Notes
Turn   | Place    | Note
-------+----------+-------------------------------------------
     0 | D:1      | Kagalorn the Minotaur Wanderer began the quest for the Orb.
     0 | D:1      | Kagalorn set off with the following items: a +2 hand
                  | crossbow, 20 bolts, a potion of lignification, a scroll of
                  | teleportation, a +0 robe, a ration
     0 | D:1      | Reached XP level 1. HP: 18/18 MP: 1/1
   735 | D:1      | Reached skill level 1 in Dodging
   735 | D:1      | Reached XP level 2. HP: 18/25 MP: 2/2
  1291 | D:1      | Reached XP level 3. HP: 17/31 MP: 3/3
  2026 | D:2      | Found a shimmering blue altar of Sif Muna.
  2829 | D:2      | Found a faded altar of an unknown god.
  2864 | D:2      | Reached XP level 4. HP: 9/39 MP: 4/4
  2888 | D:1      | HP: 1/39 [poisoned by an adder]
  3926 | D:3      | Reached XP level 5. HP: 32/46 MP: 5/5
  4239 | D:3      | Reached skill level 1 in Axes
  4783 | D:4      | Noticed a phantom
  4807 | D:3      | Reached XP level 6. HP: 6/53 MP: 6/6
  5118 | D:3      | Reached skill level 2 in Axes
  5319 | D:4      | Found an ornate altar of the Wu Jian Council.
  5367 | D:4      | Reached skill level 3 in Axes
  5418 | D:4      | Reached skill level 5 in Fighting
  5418 | D:4      | Reached XP level 7. HP: 57/61 MP: 7/7
  5565 | D:4      | Reached skill level 4 in Axes
  6248 | D:4      | Reached skill level 5 in Armour
  6467 | D:5      | Entered Level 5 of the Dungeon
  6630 | D:5      | Found a stormy altar of Qazlal.
  6649 | D:5      | Reached skill level 5 in Axes
  6671 | D:5      | HP: 4/93 [poisoned by a worker ant]
  6673 | D:5      | HP: 1/93 [poisoned by a worker ant]
  7017 | D:5      | Reached XP level 8. HP: 41/70 MP: 8/8
  7031 | D:5      | Found Yhonufri's Gadget Emporium.
  7138 | D:5      | Noticed Grinder
  7162 | D:5      | Killed Grinder
  7162 | D:5      | Reached skill level 5 in Dodging
  7184 | D:5      | Reached skill level 6 in Axes
  7714 | D:5      | Reached skill level 7 in Axes
  7906 | D:5      | Found a staircase to the Ecumenical Temple.
  7912 | Temple   | Entered the Ecumenical Temple
  7971 | Temple   | Became a worshipper of the Shining One
  8251 | D:6      | Reached skill level 1 in Invocations
  8578 | D:7      | Reached XP level 9. HP: 73/78 MP: 9/9
  8736 | D:7      | Reached skill level 8 in Axes
  9107 | D:7      | Paralysed by a hornet for 3 turns
  9398 | D:7      | Noticed an ice statue
  9567 | D:7      | Noticed Prince Ribbit
  9579 | D:7      | Killed Prince Ribbit
  9630 | D:7      | Reached skill level 9 in Axes
  9653 | D:7      | Found a glowing silver altar of Zin.
  9672 | D:7      | Found a hazy altar of Hepliaklqana.
  9685 | D:7      | Found a white marble altar of Elyvilon.
  9750 | D:7      | Found a runed translucent door.
  9751 | D:7      | Noticed Crazy Yiuf
  9756 | D:7      | Killed Crazy Yiuf
  9952 | D:7      | Found a burning altar of Makhleb.
  9953 | D:7      | Found a sparkling altar of Nemelex Xobeh.
 10101 | D:8      | Found a blossoming altar of Fedhas.
 10103 | D:8      | Reached * piety under the Shining One
 10124 | D:8      | Reached XP level 10. HP: 78/88 MP: 12/12
 10358 | D:8      | Reached skill level 5 in Invocations
 10673 | D:8      | Found a hazy altar of Hepliaklqana.
 10737 | D:8      | Found a runed translucent gate.
 10737 | D:8      | Noticed Tartanist's ghost (novice VSAs)
 10740 | D:8      | Found a runed translucent gate.
 10741 | D:8      | Found a runed translucent gate.
 10741 | D:8      | Identified the cursed +3 quarterstaff "Ronguf" {protect,
                  | rC+ SInv}
 10742 | D:8      | Found a roughly hewn altar of Beogh.
 10743 | D:8      | Found the +0 pair of fencer's gloves {Riposte Dex+3}
 10969 | D:9      | Reached ** piety under the Shining One
 10974 | D:9      | Noticed Psyche
 11408 | D:9      | Noticed a two-headed ogre
 11427 | D:9      | Killed a two-headed ogre
 11427 | D:9      | Reached skill level 10 in Axes
 11597 | D:9      | Killed Psyche
 11824 | D:9      | Noticed a two-headed ogre
 11832 | D:9      | Killed a two-headed ogre
 12603 | D:10     | Entered Level 10 of the Dungeon
 12651 | D:10     | Found a staircase to the Orcish Mines.
 12736 | D:10     | Reached *** piety under the Shining One
 12997 | D:10     | Reached XP level 11. HP: 82/97 MP: 15/15
 13291 | D:10     | Reached skill level 11 in Axes
 13731 | D:7      | Killed Tartanist's ghost
 13880 | D:11     | Noticed a five-headed hydra
 13893 | D:11     | Killed a one-headed hydra
 13987 | D:11     | Noticed a red ugly thing
 14021 | D:11     | Noticed a purple ugly thing
 14037 | D:10     | Killed a purple ugly thing
 14060 | D:10     | Killed a red ugly thing
 14204 | D:11     | Reached skill level 12 in Axes
 14414 | D:11     | Noticed a two-headed ogre
 14433 | D:11     | Killed a two-headed ogre
 14515 | D:11     | Reached **** piety under the Shining One
 14617 | D:11     | Reached skill level 10 in Fighting
 14619 | D:11     | Found a staircase to the Lair.
 14702 | D:11     | Reached XP level 12. HP: 106/106 MP: 17/17
 14962 | D:12     | Reached skill level 10 in Armour
 15254 | D:12     | Noticed a two-headed ogre
 15265 | D:12     | Killed a two-headed ogre
 15343 | D:12     | Reached skill level 13 in Axes
 15447 | D:12     | Noticed a centaur warrior
 15448 | D:12     | Noticed a two-headed ogre
 15475 | D:12     | Noticed Erolcha
 15564 | Lair:1   | Entered Level 1 of the Lair of Beasts
 15599 | Lair:1   | Reached skill level 10 in Invocations
 15664 | Lair:1   | Noticed Fannar
 15678 | Lair:1   | Killed Fannar
 15986 | Lair:1   | Noticed Gastronok
 16029 | Lair:1   | Killed Gastronok
 16029 | Lair:1   | Reached skill level 10 in Dodging
 16336 | Lair:2   | Reached skill level 14 in Axes
 16481 | Lair:2   | Found a gate leading to a gauntlet.
 16498 | Lair:2   | Reached XP level 13. HP: 71/113 MP: 20/20
 16507 | Gauntlet | Entered a Gauntlet
 16507 | Gauntlet | Found a transporter.
 16507 | Gauntlet | Found a transporter.
 16507 | Gauntlet | Found a transporter.
 16507 | Gauntlet | Found a transporter.
 16511 | Gauntlet | Found a transporter.
 16511 | Gauntlet | Found a transporter.
 16513 | Gauntlet | Found a large runed translucent door.
 16514 | Gauntlet | Found a large runed translucent door.
 16515 | Gauntlet | Found a large runed translucent door.
 16515 | Gauntlet | Found a large runed translucent door.
 16515 | Gauntlet | Found a runed translucent door.
 16516 | Gauntlet | Found a large runed translucent door.
 16517 | Gauntlet | Found a large runed translucent door.
 16518 | Gauntlet | Found a large runed translucent door.
 16518 | Gauntlet | Found a large runed translucent door.
 16519 | Gauntlet | Found a runed translucent gate.
 16521 | Gauntlet | Found a transporter.
 16525 | Gauntlet | Found a transporter.
 16534 | Gauntlet | Reached ***** piety under the Shining One
 16535 | Gauntlet | Found a transporter.
 16539 | Gauntlet | Found a transporter.
 16539 | Gauntlet | Found a transporter.
 16628 | Gauntlet | Found a large runed translucent door.
 16629 | Gauntlet | Found a large runed translucent door.
 16630 | Gauntlet | Found a large runed translucent door.
 16630 | Gauntlet | Found a large runed translucent door.
 16630 | Gauntlet | Found a runed translucent door.
 16631 | Gauntlet | Found a large runed translucent door.
 16632 | Gauntlet | Found a large runed translucent door.
 16633 | Gauntlet | Found a large runed translucent door.
 16633 | Gauntlet | Found a large runed translucent door.
 16634 | Gauntlet | Found a runed translucent gate.
 16634 | Gauntlet | Found a runed translucent gate.
 16636 | Gauntlet | Found a transporter.
 16721 | Gauntlet | Got a spiked hat
 16732 | Gauntlet | Identified the +2 hat of Amorality {rElec rN+} (You found
                  | it in a Gauntlet)
 16910 | Gauntlet | Noticed a minotaur
 16921 | Gauntlet | Killed a minotaur
 16951 | Gauntlet | HP: 5/113 [poisoned by a minotaur]
 16956 | Gauntlet | HP: 5/113 [poisoned by a minotaur]
 17790 | Lair:3   | Reached skill level 15 in Axes
 18132 | Lair:3   | Found a staircase to the Snake Pit.
 18910 | Lair:4   | Found a staircase to the Swamp.
 19779 | Lair:5   | Reached skill level 16 in Axes
 19881 | Lair:5   | Found a staircase to the Slime Pits.
 20646 | Lair:5   | Reached XP level 14. HP: 104/121 MP: 22/22
 20897 | Lair:6   | Entered Level 6 of the Lair of Beasts
 21013 | Lair:6   | Found a runed translucent gate.
 21014 | Lair:6   | Found a runed translucent gate.
 21015 | Lair:6   | Found a runed translucent gate.
 21027 | Lair:6   | Noticed NeAGen181's ghost (journeyman TeSu)
 21029 | Lair:6   | Found a viscous altar of Jiyva.
 21234 | Lair:6   | Reached skill level 17 in Axes
 21775 | Lair:6   | Reached skill level 18 in Axes
 22426 | D:12     | Killed Erolcha
 22827 | D:12     | Identified the +10 flail "Tyzxuek" {flame, MR+}
 23221 | D:13     | Reached ****** piety under the Shining One
 23879 | D:14     | Found a portal to a secret trove of treasure.
 23940 | D:14     | Found a frozen archway.
 23949 | D:14     | Reached skill level 19 in Axes
 23996 | D:14     | Identified a scroll of acquirement
 23999 | D:14     | Got a shimmering executioner's axe
 24001 | D:14     | Identified the +7 executioner's axe "Minotaur's Regret"
                  | {chop, *Noise Int+3 Dex+7} (You acquired it on level 14 of
                  | the Dungeon)
 24005 | IceCv    | Entered an ice cave
 24181 | IceCv    | Reached XP level 15. HP: 100/126 MP: 24/24
 24593 | D:14     | Noticed Rupert
 24596 | D:15     | Entered Level 15 of the Dungeon
 24972 | D:15     | Found a staircase to the Depths.
 24997 | D:15     | HP: 5/127 [dire elephant (23)]
 25015 | D:15     | Killed from afar by a deep elf mage

Levels and vault maps discovered:
D:1:      lightli_arrival_farm, layout_basic
D:2:      layout_loops_cross, overflow_temple_1_default,
          chequers_ecumenical_altar_simple_redux, minmay_between
D:3:      layout_loops_ring, small_statue_intersection
D:4:      layout_layer_cave, kennysheep_little_box, first_ration,
          roderic_lattice_a
D:5:      layout_loops_ring, grunt_qazlal_clouds,
          minmay_temple_entry_enclosed_plants, serial_shops, nicolae_shop_stone,
          uniq_grinder
D:6:      layout_layer_cave
D:7:      lemuel_ice_statue, layout_loops_ring, overflow_temple_1_default,
          amethyst_overflow_temple_binary, old_standard_altar,
          marbit_many_paths, uniq_duvessa, uniq_crazy_yiuf_cottage,
          uniq_prince_ribbit1
D:8:      layout_basic, lemuel_crystal_altar, basic_altar,
          biasface_ghost_orc_armoury
D:9:      layout_stronghold, uniq_psyche
D:10:     kennysheep_six_static_rooms, layout_basic,
          hangedman_little_slice_of_home
D:11:     layout_long_grid, due_lair_maze_entry_diamond
D:12:     wad_woods_minihive, layout_layer_cave, uniq_erolcha
D:13:     layout_gridville
D:14:     layout_small_grid, grunt_vaults_entry_fortified, portal_ice_cave_rime,
          enter_trove_1, lemuel_flame_loot_1, uniq_rupert
D:15:     hangedman_depths_entry_try_elsewhere_first, layout_cave_pods,
          minmay_misc_feat_more_columns, skrybe_limestone_x,
          minmay_misc_feat_ornament
Temple:   cyrus_circular_temple
Lair:1:   layout_gridlike, minivault_26, minmay_hedge_maze, uniq_gastronok,
          uniq_fannar
Lair:2:   beast_lair_carwin_large_4, layout_regular_city,
          gauntlet_entry_generic, lemuel_fruit_fields, minmay_lair_oklob_chamber
Lair:3:   layout_cave_pods, guppyfry_snake_entry_island, special_room
Lair:4:   layout_concentric_octagons, skrybe_swamp_entry_bodies
Lair:5:   layout_cave_pods, nicolae_slime_entry_slimehenge, special_room
          [special_room_mythical_zoo]
Lair:6:   evilmike_catoblepas_cave, layout_hall_layers, gammafunk_ghost_ooze

Skill      XL: |  1  2  3  4  5  6  7  8  9 10 11 12 13 14 |
---------------+-------------------------------------------+-----
Dodging        | 1 2 3 4 5 6 7 8 10 | 10.2
Armour         | 2 3 4 5 6 7 8 9 10 | 10.3
Fighting       | 3 4 5 6 8 9 10 | 10.3
Axes           | 1 3 5 7 9 10 12 14 16 19 | 19.3
Invocations    | 1 4 6 8 11 13 14 | 14.0
Crossbows      | |  2.1
Spellcasting   | |  1.0
Translocations | |  1.0
Transmutations | |  1.0
Evocations     | |  1.7

Action                   |  1- 3 |  4- 6 |  7- 9 | 10-12 | 13-15 || total
-------------------------+-------+-------+-------+-------+-------++-------
Melee: Unarmed           |   230 |    58 |       |       |       ||   288
       Headbutt          |    47 |    26 |    51 |   100 |   147 ||   371
       Spear             |       |    39 |       |       |       ||    39
       Hand axe          |       |    94 |    96 |    40 |       ||   230
       Halberd           |       |       |   221 |   135 |    16 ||   372
       Battleaxe         |       |       |       |   406 |   554 ||   960
       Executioner's axe |       |       |       |       |    60 ||    60
 Fire: Hand crossbow     |     6 |     3 |     2 |    17 |       ||    28
Throw: Stone             |       |       |       |     2 |       ||     2
Invok: Divine Shield     |       |       |       |     1 |     1 ||     2
       Summon Divine War |       |       |       |       |     2 ||     2
  Use: Potion            |       |       |     5 |       |     4 ||     9
       Scroll            |       |       |     7 |     5 |    22 ||    34
  Eat: Chunk             |     5 |     6 |     8 |     9 |    11 ||    39
       Ration            |       |     1 |     3 |     4 |     5 ||    13
Armor: Robe              |    31 |    12 |       |       |       ||    43
       Scale mail        |       |    44 |       |       |       ||    44
       Ring mail         |       |     9 |    69 |       |       ||    78
       Skin              |       |       |     2 |       |       ||     2
       Plate armour      |       |       |    47 |   330 |   375 ||   752
Dodge: Dodged            |   123 |    79 |   165 |   284 |   416 ||  1067
Block: Other             |    22 |    13 |    34 |    25 |     7 ||   101
       Reflection        |     2 |       |       |       |       ||     2
       Rpst.: Battleaxe  |       |       |       |    50 |    90 ||   140
       Executioner's axe |       |       |       |       |    12 ||    12
       Halberd           |       |       |       |       |     3 ||     3
